Map: Eastwatch LE

Players

llllllllll - Winner!

  • Race: Zerg Zerg
  • League: Master
  • Spawn Location: 1:00

MithJ

  • Race: Zerg Zerg
  • League: Master
  • Spawn Location: 7:00

VOD

Have the link to the VOD?

Description

Time

  • Played on: Jan. 26, 2018, 5:59 a.m.
  • Length: 10:34
Show
View Real Time Build Order
Export as new Build Order

llllllllll Zerg - Winner!

Build Orders: Pool First 

Get SALT Encoding   

  12  0:18  Spawning Pool  
  11  0:22  Drone  
  11  0:27  Drone  
  13  0:31  Drone  
  14  0:40  Overlord  
  14  1:06  Zergling x6  
  17  1:17  Zergling x2  
  18  1:20  Hatchery  
  17  1:28  Zergling x2  
  18  1:34  Queen  
  20  1:41  Drone  
  21  1:51  Overlord  
  21  2:07  Drone  
  22  2:10  Queen  
  24  2:20  Drone  
  25  2:27  Drone  
  26  2:39  Drone  
  26  2:40  Drone  
  26  2:50  Drone x4  
  29  2:53  Queen  
  31  2:58  Queen  
  31  3:02  Overlord  
  31  3:03  Drone  
  34  3:08  Spine Crawler  
  33  3:18  Drone x3  
  34  3:41  Zergling x12  
  27  4:08  Drone  
  27  4:09  Queen, Drone x4  
  32  4:14  Queen  
  36  4:37  Drone x5  
  39  4:47  Drone  
  39  4:51  Extractor  
  39  4:52  Extractor  
  38  4:55  Queen  
  38  4:58  Queen  
  42  5:01  Overlord  
  42  5:02  Overlord  
  42  5:04  Drone  
  40  5:18  Drone  
  40  5:19  Drone x2  
  43  5:33  Drone  
  43  5:34  Drone x7  
  50  5:40  Extractor  
  49  5:43  Lair  
  49  5:58  Roach Warren  
  49  5:59  Drone x3  
  49  6:00  Evolution Chamber, Drone  
  51  6:10  Overlord  
  51  6:16  Extractor  
  51  6:17  Drone  
  51  6:18  Drone x3  
  54  6:19  Drone  
  54  6:22  Overlord  
  55  6:26  Overlord  
  55  6:28  Hatchery  
  54  6:40  Overlord  
  54  6:41  Zerg Missile Weapons Level 1  
  54  6:42  Glial Reconstitution  
  54  6:47  Roach  
  54  6:48  Roach x3  
  54  6:53  Roach x2  
  66  6:59  Roach x2  
  66  7:01  Roach  
  72  7:13  Roach x5  
  82  7:29  Roach  
  84  7:30  Roach x4  
  93  7:44  Overlord x3  
  93  7:45  Hatchery  
  92  8:05  Roach x4  
  100  8:06  Roach x5  
  110  8:22  Roach  
  110  8:23  Roach x2  
  116  8:46  Overlord x3  
  114  9:07  Drone  
  114  9:08  Drone x12  
  111  9:29  Roach  
  111  9:30  Roach x7  
  111  10:06  Roach x2  
  111  10:07  Roach x8  
  125  10:12  Drone  
  128  10:18  Ravager  
  129  10:22  Hydralisk Den  
  129  10:26  Extractor  
  129  10:27  Extractor  
  127  10:33  Ravager x5  
Show
View Real Time Build Order
Export as new Build Order

MithJ Zerg 

Build Orders: Pool First 

Get SALT Encoding   

  12  0:07  Drone  
  12  0:08  Drone  
  14  0:16  Overlord  
  14  0:22  Extractor  
  14  0:24  Drone  
  15  0:35  Drone  
  16  0:40  Drone  
  17  0:48  Spawning Pool  
  16  0:51  Extractor  
  16  0:52  Drone  
  16  1:01  Drone  
  17  1:13  Drone  
  18  1:21  Hatchery  
  18  1:24  Drone  
  18  1:35  Zergling x2  
  18  1:39  Queen  
  21  1:44  Drone  
  22  1:54  Metabolic Boost  
  22  1:57  Overlord  
  22  2:04  Spine Crawler  
  21  2:10  Zergling x2  
  22  2:18  Zergling x2  
  23  2:29  Zergling x2  
  20  2:38  Zergling x2  
  20  2:41  Zergling x2  
  22  2:48  Zergling x2  
  20  2:51  Zergling x2  
  20  2:52  Zergling x2  
  20  3:03  Baneling Nest  
  20  3:04  Drone  
  20  3:09  Drone  
  21  3:16  Drone  
  22  3:23  Drone  
  23  3:34  Zergling x2  
  24  3:35  Zergling x2  
  24  3:42  Drone  
  24  3:44  Drone  
  24  3:55  Drone  
  23  4:00  Drone  
  23  4:02  Drone  
  23  4:06  Drone  
  24  4:10  Baneling x2  
  24  4:13  Drone  
  24  4:15  Baneling  
  25  4:22  Drone x2  
  27  4:24  Baneling  
  27  4:27  Drone  
  28  4:32  Overlord  
  27  4:49  Drone  
  28  4:53  Drone  
  28  4:54  Drone x2  
  28  4:58  Roach Warren  
  28  4:59  Evolution Chamber, Drone  
  30  5:04  Drone  
  30  5:06  Drone  
  32  5:08  Drone  
  32  5:12  Drone  
  33  5:14  Drone  
  33  5:17  Drone  
  35  5:22  Overlord  
  35  5:32  Overlord  
  35  5:34  Drone  
  36  5:37  Extractor  
  36  5:38  Drone  
  36  5:40  Zergling x8  
  40  5:43  Zergling x2  
  40  5:46  Queen  
  43  5:55  Roach  
  43  5:56  Roach  
  47  5:59  Baneling x8  
  47  6:06  Roach  
  47  6:07  Roach  
  47  6:10  Drone  
  52  6:11  Extractor, Drone  
  52  6:20  Overlord  
  52  6:33  Overlord x3  
  51  6:43  Lair  
  51  6:47  Hatchery  
  51  6:48  Zergling x2  
  51  6:50  Zergling x2  
  51  6:51  Zergling x2  
  53  6:58  Roach x3  
  59  7:03  Roach  
  59  7:06  Overlord  
  63  7:08  Roach  
  63  7:09  Baneling  
  63  7:10  Baneling  
  63  7:14  Roach  
  65  7:16  Roach  
  65  7:19  Roach  
  68  7:23  Roach  
  68  7:28  Roach  
  68  7:29  Roach  
  73  7:34  Zerg Missile Weapons Level 1  
  72  7:37  Drone  
  72  7:42  Roach  
  72  7:43  Roach  
  76  7:46  Drone x2  
  78  7:53  Overlord  
  78  7:54  Glial Reconstitution  
  78  7:57  Drone  
  79  7:59  Drone  
  79  8:01  Drone  
  79  8:02  Drone  
  82  8:07  Drone  
  83  8:15  Evolution Chamber  
  83  8:16  Roach  
  86  8:20  Roach  
  86  8:24  Roach  
  88  8:29  Ravager  
  88  8:30  Ravager x2  
  88  8:31  Ravager  
  88  8:33  Zergling x2  
  88  8:34  Zergling x4  
  87  8:38  Zergling x2  
  87  8:39  Zergling x4  
  88  8:44  Roach  
  88  8:45  Roach x2  
  88  8:48  Roach  
  96  9:02  Overlord  
  95  9:03  Overlord  
  95  9:05  Extractor  
  95  9:06  Queen  
  95  9:07  Extractor, Overlord  
  91  9:15  Roach x3  
  85  9:17  Roach  
  77  9:24  Roach  
  77  9:25  Roach  
  77  9:27  Roach  
  77  9:28  Roach  
  72  9:36  Zergling x4, Roach  
  66  9:40  Zergling x2  
  67  9:49  Zergling x2  
  67  9:50  Roach  
  64  9:58  Roach  
  64  10:04  Roach  
  64  10:05  Overlord  
  61  10:13  Zergling x14  
  61  10:14  Roach  
  68  10:27  Ravager  
Tags
 
Add a new tag
Caveats
  • Supply blocks, unpowered buildings, or Contaminate may cause inaccurate times.
  • Supply counts are checked every 10 seconds.